[Event "Team 45 45 League T63"]
[Site "Internet Chess Club"]
[Date "2015.01.08"]
[Round "6"]
[White "JasonModer"]
[Black "BrerRabbit"]
[Result "1-0"]
[WhiteElo "1795"]
[BlackElo "1486"]
[Opening "Old Indian defense"]
[ECO "A42"]
[Time "19:05:08"]
[TimeControl "2700+45"]

1. d4 d6 2. c4 e5 3. d5 f5 4. Nc3 Nf6 5. Nf3 Be7 6. e3 O-O 7. Bd2 a5 8. Be2 Na6
9. O-O Nc5 10. a3 Nce4 11. Qc2 Nxd2 12. Nxd2 Bd7 13. b4 c6 14. Qb3 cxd5 15. cxd5
Qe8 16. bxa5 Ra7 17. Nc4 Qa8 18. a4 Rc8 19. Nb6 Rxc3 20. Qxc3 Qd8 21. Bb5 Be8
22. Rfc1 Bf7 23. Qc8 Nxd5 24. Qxd8+ Bxd8 25. Rc8 Kf8 26. Rxd8+ Ke7 27. Rd7+ Ke6
28. Nxd5 Kxd5 29. Rxf7 {Black resigns} 1-0

[Event "Team 45 45 League T63"]
[Site "Internet Chess Club"]
[Date "2015.01.08"]
[Round "6"]
[White "divy7"]
[Black "Chaitanyaann"]
[Result "1-0"]
[WhiteElo "1644"]
[BlackElo "1464"]
[Opening "Sicilian"]
[ECO "B53"]
[Time "15:03:51"]
[TimeControl "2700+45"]

1. e4 c5 2. Nf3 d6 3. d4 Nc6 4. d5 Ne5 5. Nxe5 dxe5 6. Qh5 Qd6 7. Bb5+ Bd7 8.
Bxd7+ Kxd7 9. Qxf7 Nf6 10. Nd2 g6 11. Nc4 Qa6 12. d6 Nxe4 13. Nxe5+ Kxd6 14. Bf4
Qa5+ 15. c3 Qb5 16. O-O-O+ Kc7 17. Nc4+ Kc6 18. Qd5# {Black checkmated} 1-0

[Event "Team 45 45 League T63"]
[Site "Internet Chess Club"]
[Date "2015.01.08"]
[Round "6"]
[White "Elton2013"]
[Black "Bizzy-Ketty"]
[Result "1/2-1/2"]
[WhiteElo "1634"]
[BlackElo "1587"]
[Opening "Nimzo-Indian: classical variation"]
[ECO "E32"]
[Time "19:30:29"]
[TimeControl "2700+45"]

1. d4 Nf6 2. c4 e6 3. Nc3 Bb4 4. Qc2 O-O 5. Nf3 d6 6. e3 Nbd7 7. Bd2 b6 8. Be2
Bb7 9. O-O Bxc3 10. Bxc3 Ne4 11. Rfd1 Ndf6 12. Nd2 Nxd2 13. Bxd2 Re8 14. c5 bxc5
15. dxc5 Qd7 16. cxd6 cxd6 17. Bb4 Nd5 18. Ba3 Rac8 19. Qb3 a6 20. e4 Nf4 21.
Rxd6 Nxe2+ 22. Kf1 Nd4 23. Qb6 Qb5+ 24. Qxb5 Nxb5 25. Rb6 Rc7 26. Bb4 Ra8 27.
Ba5 Rd7 28. f3 Rc8 29. a4 Nd4 30. Rd1 Bc6 31. Bc3 e5 32. Rxa6 Rdd8 33. Ra5 f6
34. Bxd4 exd4 35. Rc5 d3 36. Ke1 Bb7 37. Rxc8 Bxc8 38. Kd2 Bd7 39. a5 Bb5 40.
Rc1 Ra8 41. b4 Rb8 42. Rc5 Ba6 43. Kc3 Kf8 44. e5 fxe5 45. Rxe5 Kf7 46. Rc5 Kg8
{Game drawn by mutual agreement} 1/2-1/2

[Event "Team 45 45 League T63"]
[Site "Internet Chess Club"]
[Date "2015.01.09"]
[Round "6"]
[White "MasterD"]
[Black "Uku"]
[Result "1-0"]
[WhiteElo "1516"]
[BlackElo "1318"]
[Opening "Bishop's opening: Berlin defense"]
[ECO "C24"]
[Time "19:01:20"]
[TimeControl "2700+45"]

1. e4 e5 2. Bc4 Nf6 3. d3 Bc5 4. Nc3 Nc6 5. f4 d6 6. f5 O-O 7. Nf3 b6 8. Na4 Nd4
9. Nxc5 bxc5 10. Nxd4 cxd4 11. O-O a5 12. Bd2 Ba6 13. Bb3 Qd7 14. a3 c6 15. Qe1
d5 16. exd5 Nxd5 17. Qxe5 Bb5 18. Qxd4 a4 19. Ba2 Nf6 20. Qxd7 Nxd7 21. Rae1 Nf6
22. h3 Rac8 23. Re7 c5 24. Bc3 c4 25. Re5 Ba6 26. Ra5 Rc6 27. Rxa4 cxd3 28. cxd3
Bxd3 29. Rf3 Bc2 30. Rc4 Rb6 31. Bxf6 Rxb2 32. Bxb2 Bxf5 33. Rxf5 g6 34. Rg4 h5
35. Rxh5 Re8 36. Rh8# {Black checkmated} 1-0

[Event "Team 45 45 League T63"]
[Site "Internet Chess Club"]
[Date "2015.01.08"]
[Round "6"]
[White "mindstorm"]
[Black "Legomaster"]
[Result "1-0"]
[WhiteElo "1513"]
[BlackElo "1197"]
[Opening "Sicilian: Smith-Morra gambit"]
[ECO "B21"]
[Time "11:06:38"]
[TimeControl "2700+45"]

1. e4 c5 2. d4 cxd4 3. c3 dxc3 4. Nxc3 Nc6 5. Nf3 e5 6. Bc4 Nf6 7. O-O Be7 8.
Re1 O-O 9. Be3 b6 10. Qc2 Bb7 11. Rad1 Qc8 12. Bg5 h6 13. Bxf6 Bxf6 14. Qd2 Rd8
15. Bb3 Ne7 16. Rc1 Qb8 17. Nd5 Nxd5 18. exd5 e4 19. Rxe4 Qd6 20. Ree1 a5 21.
Nd4 Bxd5 22. Nf5 Qe5 23. Rxe5 Bxe5 24. Qxd5 Bxb2 25. Qxf7+ Kh8 26. Rb1 Rac8 27.
h3 Be5 28. Ne7 Rf8 29. Ng6+ Kh7 30. Nxf8+ Rxf8 31. Qxf8 Bd6 32. Bc2+ g6 33. Qf7+
Kh8 34. Bxg6 Bf8 35. Qh7# {Black checkmated} 1-0

[Event "Team 45 45 League T63"]
[Site "Internet Chess Club"]
[Date "2015.01.11"]
[Round "6"]
[White "Zyme"]
[Black "g8wrb"]
[Result "0-1"]
[WhiteElo "1333"]
[BlackElo "1294"]
[Opening "Nimzo-Indian defense"]
[ECO "E20"]
[Time "08:00:25"]
[TimeControl "2700+45"]

1. d4 e6 2. c4 Nf6 3. Nc3 Bb4 4. Bd2 O-O 5. a3 Be7 6. Nf3 c5 7. e3 cxd4 8. exd4
b6 9. Bd3 Bb7 10. O-O Nc6 11. Qc2 Qc7 12. Rfe1 Rac8 13. d5 Nd8 14. Nb5 Qb8 15.
g3 Bxd5 16. b3 Bxf3 {White resigns} 0-1

[Event "Team 45 45 League T63"]
[Site "Internet Chess Club"]
[Date "2015.01.09"]
[Round "6"]
[White "nosir"]
[Black "chuckh2"]
[Result "1-0"]
[WhiteElo "1446"]
[BlackElo "1407"]
[Opening "Réti: King's Indian attack"]
[ECO "A05"]
[Time "19:00:48"]
[TimeControl "2700+45"]

1. Nf3 Nf6 2. g3 g6 3. Bg2 Bg7 4. O-O d6 5. d3 O-O 6. e4 e5 7. Nbd2 Bg4 8. Re1
c5 9. c3 Nc6 10. Nf1 Re8 11. Ne3 Bd7 12. Bd2 Rb8 13. h4 h6 14. Nh2 Qc8 15. Bf3
b5 16. Nd5 Nxd5 17. exd5 Ne7 18. h5 g5 19. c4 bxc4 20. dxc4 Qa6 21. b3 e4 22.
Bxe4 Bxa1 23. Qxa1 Bf5 24. Bc3 Rf8 25. Bh8 f6 26. Bxf6 Rxf6 27. Qxf6 Qb7 28.
Bxf5 Nxf5 29. Qxf5 Qg7 30. Qe6+ Kh8 31. Qxd6 Rf8 32. Qxc5 a6 33. Ng4 Rf5 34. Qd6
Rf7 35. Qxh6+ Qxh6 36. Nxh6 Rh7 37. d6 Rxh6 38. d7 Rd6 39. Re8+ Kg7 40. d8=Q
Rxd8 41. Rxd8 {Black resigns} 1-0

[Event "Team 45 45 League T63"]
[Site "Internet Chess Club"]
[Date "2015.01.11"]
[Round "6"]
[White "artspir"]
[Black "SeniorCitizen"]
[Result "1-0"]
[WhiteElo "1222"]
[BlackElo "1308"]
[Opening "Queen's pawn game"]
[ECO "D02"]
[Time "14:02:22"]
[TimeControl "2700+45"]

1. d4 d5 2. Nf3 e6 3. Bf4 Be7 4. e3 Nf6 5. Nbd2 O-O 6. Bd3 b6 7. O-O Bb7 8. Ne5
Nbd7 9. c3 c5 10. Bb5 Nxe5 11. Bxe5 a6 12. Be2 Bd6 13. Bxd6 Qxd6 14. a3 cxd4 15.
cxd4 Rac8 16. Bd3 Rc7 17. Nf3 h6 18. Ne5 Nd7 19. f4 f5 20. Qh5 Nxe5 21. fxe5 Qe7
22. h3 Qg5 23. Qe2 Rcf7 24. Rf4 Qe7 25. Bxa6 Bxa6 26. Qxa6 Qb7 27. Qe2 g5 28.
Rf3 f4 29. Raf1 Rf5 30. exf4 gxf4 31. Qd2 Qf7 32. a4 Qg7 33. b4 Qg5 34. a5 bxa5
35. bxa5 R8f7 36. a6 Kg7 37. R1f2 Ra7 38. Qd3 Qg6 39. Qb5 Qf7 40. g3 fxg3 41.
Rxg3+ Kh7 42. Qd3 Kh8 43. Qe3 Qf8 44. Rg6 Rxf2 45. Rxh6+ Rh7 46. Rxh7+ Kxh7 47.
Qxf2 Qa3 48. Qh4+ Kg7 49. Qf6+ Kh7 50. Qf7+ Kh8 51. a7 Qg3+ 52. Kf1 Qxh3+ 53.
Ke2 Qg2+ 54. Qf2 Qe4+ 55. Kd2 {Black resigns} 1-0

[Event "Team 45 45 League T63"]
[Site "Internet Chess Club"]
[Date "2015.01.10"]
[Round "6"]
[White "julesraider"]
[Black "Visin"]
[Result "1-0"]
[WhiteElo "1562"]
[BlackElo "1289"]
[Opening "QGD semi-Slav"]
[ECO "D43"]
[Time "08:30:36"]
[TimeControl "2700+45"]

1. d4 d5 2. c4 c6 3. Nf3 Nf6 4. Nc3 e6 5. Bg5 Be7 6. e3 Nbd7 7. Qc2 a6 8. Bd3 b5
9. b3 bxc4 10. bxc4 a5 11. O-O Rb8 12. Rab1 Ba6 13. Qa4 O-O 14. Qxc6 Rb6 15.
Rxb6 Qxb6 16. Ne5 Qxc6 17. Nxc6 Bb4 18. Nxb4 axb4 19. Nb5 dxc4 20. Bxc4 Rb8 21.
Nd6 Bxc4 22. Nxc4 h6 23. Bf4 Rc8 24. Ne5 Rc2 25. Ra1 Nxe5 26. Bxe5 Ne4 27. f3
Nc3 28. Bd6 Nxa2 29. Rb1 Nc1 30. Bxb4 Ne2+ 31. Kf1 Rc1+ 32. Rxc1 Nxc1 33. e4 f6
34. d5 Kf7 35. d6 Ke8 36. f4 Nd3 37. Bd2 Nc5 38. e5 fxe5 39. fxe5 g5 40. Ke2 Kd7
41. Kf3 Nd3 42. Bc3 Nf4 43. g3 Ng6 44. Kg4 Nh8 45. Kh5 Nf7 46. Kg6 Ke8 47. d7+
Ke7 48. Kg7 Nd8 49. Kxh6 Kxd7 50. Kxg5 Ke7 51. Kg6 Nf7 52. h4 Nxe5+ 53. Bxe5
{Black resigns} 1-0

[Event "Team 45 45 League T63"]
[Site "Internet Chess Club"]
[Date "2015.01.09"]
[Round "6"]
[White "MateIn42"]
[Black "rkaebi"]
[Result "1-0"]
[WhiteElo "1361"]
[BlackElo "1377"]
[Opening "French: Winawer (Nimzovich) variation"]
[ECO "C15"]
[Time "23:02:34"]
[TimeControl "2700+45"]

1. e4 e6 2. d4 d5 3. Nc3 Bb4 4. exd5 exd5 5. Bd2 Nf6 6. a3 Bd6 7. Nb5 O-O 8.
Nxd6 Qxd6 9. Be2 b6 10. Nf3 c5 11. O-O Nc6 12. dxc5 bxc5 13. Qc1 Re8 14. Bf4 Qd8
15. Re1 Bb7 16. Bb5 Qb6 17. Ba4 Qa5 18. Bxc6 Bxc6 19. Ne5 Bb7 20. b4 cxb4 21.
Bd2 Qc7 22. Qb2 bxa3 23. Rxa3 Qb6 24. Rb3 Rxe5 25. Qxe5 Qc6 26. Qe7 Bc8 27. Qd8+
{Black resigns} 1-0

[Event "Team 45 45 League T63"]
[Site "Internet Chess Club"]
[Date "2015.01.09"]
[Round "6"]
[White "Fogbound"]
[Black "varavind"]
[Result "0-1"]
[WhiteElo "1236"]
[BlackElo "1238"]
[Opening "Queen's bishop game"]
[ECO "D00"]
[Time "14:00:11"]
[TimeControl "2700+45"]

1. d4 d5 2. Bf4 Nf6 3. Nf3 Nbd7 4. e3 g6 5. Bd3 Nh5 6. Bg5 h6 7. Bh4 g5 8. Bg3
Nxg3 9. hxg3 g4 10. Nh4 h5 11. Nc3 e6 12. Ne2 c5 13. c3 cxd4 14. exd4 Bd6 15.
Qc2 Qb6 16. O-O e5 17. Nf5 e4 18. Ng7+ Kf8 19. Nf5 exd3 20. Qxd3 Nf6 21. Nh4 Kg7
22. Nf5+ Bxf5 23. Qxf5 Rae8 24. Qg5+ Kh7 25. Qxf6 Rxe2 26. Qxf7+ Kh6 27. Qf6+
Kh7 28. Qf5+ Kh6 29. Qxd5 Qc6 30. Qf5 Rf8 31. Qd3 Qe4 32. Qxe4 Rxe4 33. Rae1
Rfe8 34. Re3 Kg5 35. Rfe1 Kf5 36. a3 Rxe3 37. fxe3 Ke4 38. Kf2 Rf8+ 39. Ke2 Bxg3
40. Rd1 Rf2+ 41. Ke1 Rxg2+ 42. Kf1 Rf2+ 43. Kg1 Re2 44. d5 Re1+ 45. Rxe1 Bxe1
46. d6 Bh4 47. c4 Kxe3 48. c5 Bd8 49. b4 Kd4 50. Kg2 h4 51. a4 Kc4 52. b5 Kxc5
53. d7 Kb4 54. a5 Bxa5 {White resigns} 0-1

[Event "Team 45 45 League T63"]
[Site "Internet Chess Club"]
[Date "2015.01.11"]
[Round "6"]
[White "Chesscat9"]
[Black "xt"]
[Result "1-0"]
[WhiteElo "1735"]
[BlackElo "1712"]
[Opening "Sicilian: Smith-Morra gambit"]
[ECO "B21"]
[Time "12:39:24"]
[TimeControl "2700+45"]

1. e4 c5 2. d4 cxd4 3. c3 dxc3 4. Nxc3 e6 5. Nf3 a6 6. Bc4 b5 7. Bb3 Bb7 8. O-O
b4 9. Nd5 exd5 10. exd5 Bd6 11. Re1+ Ne7 12. Ng5 O-O 13. Qh5 h6 14. Ne4 Nc8 15.
Bxh6 f6 16. Qg6 Rf7 17. Bxg7 Ne7 18. Nxf6+ Rxf6 19. Qxf6 Qc7 20. Bf8 Nf5 21.
Qxf5 Bxf8 22. d6+ {Black resigns} 1-0

[Event "Team 45 45 League T63"]
[Site "Internet Chess Club"]
[Date "2015.01.13"]
[Round "6"]
[White "SugarIslander"]
[Black "MetaGod"]
[Result "0-1"]
[WhiteElo "1613"]
[BlackElo "1637"]
[Opening "QGD: Orthodox defense, Rubinstein attack (with Rc1)"]
[ECO "D64"]
[Time "14:00:56"]
[TimeControl "2700+45"]

1. d4 d5 2. c4 e6 3. Nc3 Nf6 4. Bg5 Be7 5. e3 O-O 6. Nf3 Nbd7 7. Rc1 c6 8. Qc2
Re8 9. a3 h6 10. Bh4 dxc4 11. Bxc4 Nd5 12. Bg3 a5 13. O-O N7f6 14. Bd3 Nxc3 15.
Qxc3 Bd6 16. Bxd6 Qxd6 17. e4 Qd8 18. Rfd1 Qc7 19. Ne5 Nd7 20. Ng4 Qf4 21. f3
Nf6 22. Nxf6+ Qxf6 23. e5 Qg5 24. Rf1 Rd8 25. f4 Qe7 26. Rcd1 Kf8 27. f5 exf5
28. Bxf5 Bxf5 29. Rxf5 Rd5 30. Qf3 Kg8 31. Rf1 Rf8 32. Qf4 Qd7 33. Qg3 Rxd4 34.
h3 Kh8 35. Qb3 Rd5 36. e6 Qxe6 37. Rxd5 Qxd5 38. Qxb7 Qd4+ 39. Kh1 Kg8 40. Rc1
Qe5 41. Rxc6 Rb8 42. Rc8+ Rxc8 43. Qxc8+ Kh7 44. Qc3 Qxc3 45. bxc3 Kg6 46. g4
Kf6 47. Kg2 Ke5 48. Kf3 f5 49. gxf5 Kxf5 50. Ke3 Ke5 51. a4 Kd5 52. Kd3 Kc5 53.
c4 g5 54. Kc3 h5 55. Kd3 g4 56. hxg4 hxg4 57. Ke3 Kxc4 58. Kf4 Kb4 59. Kxg4 Kxa4
60. Kf3 Kb3 61. Ke2 a4 62. Kd1 Kb2 63. Kd2 a3 64. Kd3 a2 {White resigns} 0-1

[Event "Team 45 45 League T63"]
[Site "Internet Chess Club"]
[Date "2015.01.10"]
[Round "6"]
[White "jcule"]
[Black "mongmong"]
[Result "1/2-1/2"]
[WhiteElo "1432"]
[BlackElo "1561"]
[Opening "Nimzo-Indian defense"]
[ECO "E20"]
[Time "11:00:16"]
[TimeControl "2700+45"]

1. d4 e6 2. c4 Nf6 3. Nc3 Bb4 4. Bd2 O-O 5. Nf3 b6 6. a3 Bxc3 7. Bxc3 Ne4 8. e3
Bb7 9. Be2 d6 10. O-O Nd7 11. Qc2 Nxc3 12. Qxc3 Qe7 13. Rfd1 c5 14. Qc2 e5 15.
dxe5 dxe5 16. e4 Nf6 17. Nd2 Rfd8 18. f3 Rd6 19. Nf1 Rad8 20. Ne3 Rxd1+ 21. Rxd1
Rxd1+ 22. Qxd1 Qd7 23. Qxd7 Nxd7 24. Nd5 Nb8 25. b4 Nc6 26. b5 Nd4 27. Bd1 Bxd5
28. exd5 Kf8 29. Kf2 f5 30. Ke3 Ke7 31. h3 g5 32. g4 fxg4 33. hxg4 Kf6 34. Ke4
h6 35. a4 {Game drawn by mutual agreement} 1/2-1/2

[Event "Team 45 45 League T63"]
[Site "Internet Chess Club"]
[Date "2015.01.11"]
[Round "6"]
[White "craftsman49868"]
[Black "TimeCo"]
[Result "1-0"]
[WhiteElo "1604"]
[BlackElo "1398"]
[Opening "Queen's pawn game"]
[ECO "A45"]
[Time "13:00:18"]
[TimeControl "2700+45"]

1. d4 Nf6 2. e3 e6 3. Bd3 b6 4. f4 Bb7 5. Nf3 d6 6. Nbd2 Nbd7 7. O-O Be7 8. b3
Rc8 9. Bb2 O-O 10. Qe1 c5 11. c3 cxd4 12. cxd4 Qc7 13. Rc1 Qb8 14. Qh4 Rxc1 15.
Rxc1 h6 16. Qe1 Rc8 17. Ba3 Rxc1 18. Qxc1 Nd5 19. Qe1 N7f6 20. h3 a5 21. Ne4
Nxe4 22. Bxe4 Nb4 23. Bxb7 Qxb7 24. Bxb4 axb4 25. Qxb4 d5 26. Qc3 f6 27. Qc2 Qa7
28. Nh4 Qa5 29. Kf1 e5 30. fxe5 fxe5 31. Qc8+ Kh7 32. Qf5+ Kg8 33. Qe6+ Kh7 34.
Qxe7 Qa6+ 35. Kg1 {Black resigns} 1-0

[Event "Team 45 45 League T63"]
[Site "Internet Chess Club"]
[Date "2015.01.11"]
[Round "6"]
[White "sockbuf"]
[Black "ticopatzer"]
[Result "1-0"]
[WhiteElo "1722"]
[BlackElo "1707"]
[Opening "Robatsch defense: Pseudo-Austrian attack"]
[ECO "B07"]
[Time "12:00:31"]
[TimeControl "2700+45"]

1. e4 d6 2. d4 g6 3. Nc3 Bg7 4. f4 Nc6 5. Be3 Nf6 6. Nf3 Ng4 7. Bg1 O-O 8. h3
Nf6 9. Qd2 e5 10. fxe5 dxe5 11. d5 Ne7 12. O-O-O Nd7 13. g4 a6 14. Kb1 b5 15. h4
Bb7 16. h5 Nc8 17. hxg6 fxg6 18. Ng5 Qe7 19. Rxh7 Nf6 20. Bc5 Qxc5 21. Rxg7+
Kxg7 22. Ne6+ {Black resigns} 1-0

[Event "Team 45 45 League T63"]
[Site "Internet Chess Club"]
[Date "2015.01.09"]
[Round "6"]
[White "rayonline53"]
[Black "pauliewoll"]
[Result "1/2-1/2"]
[WhiteElo "1558"]
[BlackElo "1695"]
[Opening "Queen's pawn: London system"]
[ECO "A45"]
[Time "16:02:46"]
[TimeControl "2700+45"]

1. d4 Nf6 2. Bf4 d5 3. e3 e6 4. Nf3 c5 5. c3 Nc6 6. Nbd2 Bd6 7. Bxd6 Qxd6 8. Bd3
O-O 9. O-O e5 10. dxe5 Nxe5 11. Nxe5 Qxe5 12. Nf3 Qe7 13. h3 Bd7 14. Re1 Rac8
15. c4 dxc4 16. Bxc4 Rfd8 17. Qc2 b5 18. Be2 Bc6 19. Rad1 a6 20. Rxd8+ Rxd8 21.
Rd1 Rd6 22. Rxd6 Qxd6 23. Qd1 Qxd1+ 24. Bxd1 Bd5 25. b3 Ne4 26. a4 Nc3 27. Bc2
c4 28. bxc4 Bxc4 29. axb5 Ne2+ 30. Kh2 axb5 31. Ne5 Be6 32. Nd3 f6 33. Nb4 Bc4
34. g3 Kf7 35. Kg2 g6 36. Kf3 f5 37. Bd3 Bxd3 38. Nxd3 Nc3 39. g4 Kf6 40. gxf5
Kxf5 41. h4 h6 42. Kg3 Ke4 43. Nc1 b4 44. Kg4 Nd1 45. Kg3 h5 46. Kg2 Nc3 47. Kg3
Na4 48. Kg2 Nc5 49. Kg3 b3 50. Nxb3 Nxb3 51. Kg2 Nd2 52. Kg3 Nf3 53. Kh3 Kf5 54.
Kg3 Ne1 55. f3 Nc2 56. Kf2 Nb4 57. Ke2 Ke5 58. Kf2 Nd5 59. Ke2 Nf6 60. Kf2 Kf5
61. Kg3 Nd7 62. Kf2 Ne5 63. Ke2 {Game drawn by mutual agreement} 1/2-1/2

[Event "Team 45 45 League T63"]
[Site "Internet Chess Club"]
[Date "2015.01.18"]
[Round "6"]
[White "evan7284"]
[Black "kutch"]
[Result "1-0"]
[WhiteElo "1673"]
[BlackElo "1423"]
[Opening "Queen's pawn: Torre attack"]
[ECO "A46"]
[Time "11:01:09"]
[TimeControl "2700+45"]

1. d4 Nf6 2. Nf3 e6 3. Bg5 Be7 4. Nbd2 b6 5. e3 Bb7 6. Bd3 d6 7. O-O Nbd7 8. c4
c5 9. Re1 O-O 10. Rc1 Rc8 11. a3 h6 12. Bxf6 Bxf6 13. b4 cxd4 14. exd4 Bg5 15.
Nxg5 Qxg5 16. Ne4 Bxe4 17. Bxe4 Nf6 18. Bf3 Rc7 19. Rc2 Rfc8 20. Qc1 Qxc1 21.
Rexc1 Nd7 22. Kf1 f5 23. Ke2 g5 24. g4 f4 25. Kd3 Kg7 26. Rh1 Re8 27. h4 gxh4
28. Rxh4 Nf6 29. Rh1 e5 30. Re1 Kg6 31. Be4+ Kg5 32. Bf5 Nxg4 33. Bxg4 Kxg4 34.
Rg1+ Kf5 35. f3 h5 36. Rcg2 Rh8 37. Rg6 {Black forfeits on time} 1-0

[Event "Team 45 45 League T63"]
[Site "Internet Chess Club"]
[Date "2015.01.12"]
[Round "6"]
[White "Portola"]
[Black "JustinL"]
[Result "1-0"]
[WhiteElo "1814"]
[BlackElo "1985"]
[Opening "Torre attack (Tartakower variation)"]
[ECO "D03"]
[Time "19:00:38"]
[TimeControl "2700+45"]

1. d4 d5 2. Nf3 Nf6 3. Bg5 Bf5 4. e3 e6 5. Bd3 Be7 6. Bxf5 exf5 7. Qd3 Ne4 8.
Bxe7 Qxe7 9. c3 c6 10. Nbd2 Nd7 11. Nb3 O-O 12. Qc2 Rfe8 13. O-O Qd6 14. Nc1 g5
15. Nd3 Kh8 16. Nde5 Nxe5 17. Nxe5 Rxe5 18. dxe5 Qxe5 19. Qd3 f6 20. Qd4 Qe6 21.
b3 Rg8 22. c4 dxc4 23. Qxc4 Qe5 24. Rad1 g4 25. Qd4 Qc7 26. Qd7 Qe5 27. Qd4 Qc7
28. Qxa7 c5 29. Qa4 Qb8 30. Qd7 Qe5 31. Rd5 Qb2 32. Qxf5 Nd2 33. Rd7 Rg6 34.
Rd8+ Kg7 35. Qd7+ Kh6 36. Qxd2 {Black resigns} 1-0

[Event "Team 45 45 League T63"]
[Site "Internet Chess Club"]
[Date "2015.01.12"]
[Round "6"]
[White "kidcobra"]
[Black "WillC"]
[Result "1-0"]
[WhiteElo "1761"]
[BlackElo "1725"]
[Opening "Sicilian"]
[ECO "B56"]
[Time "16:33:28"]
[TimeControl "2700+45"]

1. e4 c5 2. Nf3 Nc6 3. d4 cxd4 4. Nxd4 Nf6 5. Nc3 d6 6. Bb5 Bd7 7. O-O a6 8.
Bxc6 bxc6 9. Be3 e5 10. Nb3 Be7 11. f4 Ng4 12. Qf3 Nxe3 13. Qxe3 exf4 14. Qxf4
O-O 15. Kh1 Be6 16. Qf2 Rb8 17. Nd4 Bd7 18. Rab1 Bf6 19. Nde2 Qa5 20. Qg3 Be5
21. Qf3 Be6 22. a3 Bc4 23. Nd1 Qd2 24. Rf2 Qxc2 25. Rc1 Qa4 26. Ne3 Bxe2 27.
Rxe2 Bxb2 28. Rf1 Rb3 29. Qg4 Be5 30. Nf5 Qc4 31. Ref2 Qe6 32. Qh4 f6 33. Qg4
Qf7 34. Nh6+ Kh8 35. Nxf7+ Rxf7 36. Qc8+ {Black resigns} 1-0

[Event "Team 45 45 League T63"]
[Site "Internet Chess Club"]
[Date "2015.01.11"]
[Round "6"]
[White "rubo"]
[Black "chesskix"]
[Result "1/2-1/2"]
[WhiteElo "1621"]
[BlackElo "1465"]
[Opening "Bird's opening"]
[ECO "A03"]
[Time "14:00:30"]
[TimeControl "2700+45"]

1. f4 d5 2. Nf3 Nf6 3. e3 b6 4. b3 Bb7 5. Bb2 Nbd7 6. Be2 Rb8 7. O-O e6 8. Ne5
Nxe5 9. Bxe5 Bd6 10. Bb2 O-O 11. d3 a6 12. Nd2 c5 13. Bf3 b5 14. c4 bxc4 15.
dxc4 Ne4 16. cxd5 exd5 17. Bxe4 dxe4 18. Nc4 Bc7 19. Qg4 g6 20. Rad1 Bd5 21. f5
h5 22. Qe2 Bxc4 23. Qxc4 Qh4 24. g3 Bxg3 25. hxg3 Qxg3+ 26. Kh1 Qh3+ 27. Kg1
Qg3+ 28. Kh1 Qh3+ 29. Kg1 {Game drawn by mutual agreement} 1/2-1/2

[Event "Team 45 45 League T63"]
[Site "Internet Chess Club"]
[Date "2015.01.08"]
[Round "6"]
[White "KidRattler"]
[Black "g8wrb"]
[Result "1-0"]
[WhiteElo "1487"]
[BlackElo "1274"]
[Opening "French defense"]
[ECO "C00"]
[Time "12:01:22"]
[TimeControl "2700+45"]

1. e4 e6 2. Nf3 d5 3. exd5 exd5 4. d4 Bd6 5. Be3 Nf6 6. Bd3 O-O 7. h3 b6 8. c3
Ba6 9. O-O Bxd3 10. Qxd3 Re8 11. Nbd2 Nbd7 12. Rfe1 Ne4 13. Qc2 Ndf6 14. Ng5 Qd7
15. Ngxe4 Nxe4 16. Nxe4 Rxe4 17. f3 Re6 18. Bf2 Rae8 19. Rxe6 Rxe6 20. Re1 Qe7
21. Rxe6 Qxe6 22. Kf1 f6 23. Qe2 Kf7 24. Qxe6+ Kxe6 25. Ke2 Kf5 26. Be3 Bg3 27.
Bf2 Kf4 28. a4 a5 29. b4 c6 30. Be3+ Kf5 31. Kd3 h5 32. Ke2 h4 33. Bd2 axb4 34.
cxb4 Bc7 35. a5 bxa5 36. bxa5 Bb8 37. a6 Ba7 38. Kd3 Ke6 39. Bb4 Kd7 40. Bf8 g6
41. Bg7 Ke6 42. Bf8 Kf7 43. Bc5 Bb8 44. a7 Bxa7 45. Bxa7 Ke6 46. Bb8 Kd7 47. Kc3
Kc8 48. Bh2 Kb7 49. Bd6 Kc8 50. Be7 {Black resigns} 1-0

[Event "Team 45 45 League T63"]
[Site "Internet Chess Club"]
[Date "2015.01.08"]
[Round "6"]
[White "qs16"]
[Black "calsal"]
[Result "1/2-1/2"]
[WhiteElo "1758"]
[BlackElo "1783"]
[Opening "Queen's pawn game"]
[ECO "A45"]
[Time "13:00:21"]
[TimeControl "2700+45"]

1. d4 Nf6 2. Nd2 d5 3. e3 Bf5 4. Ngf3 e6 5. Ne5 Bd6 6. f4 c5 7. Bb5+ Nbd7 8. O-O
cxd4 9. exd4 Qb6 10. Bxd7+ Nxd7 11. Ndf3 Nf6 12. c3 h6 13. Qe2 Ne4 14. Nh4 Bh7
15. Qh5 Qc7 16. Qd1 O-O 17. Be3 Qb6 18. Qe2 Qc7 19. Rac1 Rac8 20. Nd3 Nf6 21. h3
{Game drawn by mutual agreement} 1/2-1/2

[Event "Team 45 45 League T63"]
[Site "Internet Chess Club"]
[Date "2015.01.11"]
[Round "6"]
[White "JeffH"]
[Black "KnightOfLight"]
[Result "1-0"]
[WhiteElo "1722"]
[BlackElo "1715"]
[Opening "Ruy Lopez: Bird's defense"]
[ECO "C61"]
[Time "11:30:24"]
[TimeControl "2700+45"]

1. e4 e5 2. Nf3 Nc6 3. Bb5 Nd4 4. Nxd4 exd4 5. d3 c6 6. Bc4 b5 7. Bb3 a5 8. c3
a4 9. Bc2 c5 10. O-O Bb7 11. cxd4 cxd4 12. Nd2 Qb6 13. Nf3 Ne7 14. Bg5 Nc6 15.
a3 f6 16. Bf4 h5 17. Re1 g5 18. Bd2 Bd6 19. b3 g4 20. Nh4 Ne5 21. bxa4 bxa4 22.
Nf5 Ba6 23. Rb1 Qc7 24. Bb4 Bxb4 25. Rxb4 h4 26. Bxa4 Nxd3 27. Rxd4 Nc5 28. Qxg4
Rf8 29. Qg6+ Kd8 30. Qg7 Re8 31. Qxf6+ {Black resigns} 1-0

[Event "Team 45 45 League T63"]
[Site "Internet Chess Club"]
[Date "2015.01.10"]
[Round "6"]
[White "Lrn2Mate"]
[Black "okieman888"]
[Result "1-0"]
[WhiteElo "1579"]
[BlackElo "1506"]
[Opening "QGD semi-Slav: 5...Nd7"]
[ECO "D45"]
[Time "14:03:28"]
[TimeControl "2700+45"]

1. d4 d5 2. c4 c6 3. Nc3 Nf6 4. Nf3 e6 5. e3 Nbd7 6. Bd2 Bd6 7. Qc2 O-O 8. Bd3
dxc4 9. Bxc4 b5 10. Bd3 Bb7 11. O-O a6 12. Ng5 h6 13. Nge4 Be7 14. Nxf6+ Nxf6
15. Ne4 c5 16. Nxf6+ Bxf6 17. Qxc5 Rc8 18. Qb4 Qd5 19. f3 Qd7 20. Rac1 Be7 21.
Qb3 Bd5 22. Qd1 Bxa2 23. Ra1 Bc4 24. Bxc4 Rxc4 25. Rxa6 Rfc8 26. Ra1 Rc2 27. Bc3
b4 28. Qxc2 bxc3 29. bxc3 Bb4 30. c4 Be7 31. Ra2 Qc6 32. c5 e5 33. Qe4 Qc7 34.
Ra8 Rf8 35. Rxf8+ Bxf8 36. Qxe5 Qxe5 37. dxe5 Bxc5 38. Kf2 Kf8 39. f4 Ke7 40.
Kf3 Ke6 41. Rc1 Bb4 42. e4 Ba5 43. Rc6+ Ke7 44. g4 Bb4 45. f5 Kd7 46. Ra6 Bc5
47. e6+ fxe6 48. Rxe6 Be7 49. e5 Bf8 50. Ke4 Bb4 51. Kd5 Be7 52. Ra6 Ke8 53. Ke6
{Black resigns} 1-0

[Event "Team 45 45 League T63"]
[Site "Internet Chess Club"]
[Date "2015.01.09"]
[Round "6"]
[White "jjaillet2007"]
[Black "Sunny2002"]
[Result "0-1"]
[WhiteElo "1330"]
[BlackElo "1446"]
[Opening "Dutch with c4 & Nc3"]
[ECO "A85"]
[Time "08:30:34"]
[TimeControl "2700+45"]

1. d4 f5 2. c4 Nf6 3. Nc3 e6 4. Bg5 Be7 5. e3 c6 6. Bd3 d5 7. c5 Nbd7 8. Nf3 O-O
9. O-O Ne4 10. Bxe7 Qxe7 11. Rc1 Ndf6 12. Bb1 Bd7 13. Ne5 Be8 14. f3 Nxc3 15.
Rxc3 Nd7 16. Nxd7 Qxd7 17. e4 fxe4 18. fxe4 Bg6 19. Re3 Rxf1+ 20. Qxf1 Rf8 21.
Qe2 dxe4 22. Qd1 Qd5 23. b3 e5 24. Re1 exd4 25. Qg4 Qxc5 26. Qe6+ Kh8 27. Qc4
Qxc4 28. bxc4 d3 29. Rf1 Rxf1+ 30. Kxf1 Bf7 31. c5 Bc4 32. Ke1 e3 33. Bxd3 Bxd3
34. a3 Kg8 35. g3 e2 36. h3 Kf7 37. g4 Ke6 38. h4 Ke5 39. g5 Kf4 40. a4 Kg4 41.
g6 h5 42. a5 Kxh4 43. a6 bxa6 44. Kd2 Kg4 45. Ke1 h4 46. Kd2 h3 47. Kxd3 e1=Q
48. Kc4 h2 49. Kd3 h1=Q 50. Kc4 Qhe4+ 51. Kb3 Qd3+ 52. Ka4 Qa1+ 53. Kb4 Qdc3#
{White checkmated} 0-1